 Dungeon Crawl Stone Soup version 0.31-a0-632-g766dd24fdf (webtiles) character file.

Game seed: 888288491970791876

76906 Dittersdorf the Peltast (level 15, -23/103 HPs)
             Began as a Gargoyle Fighter on Aug 25, 2023.
             Was an Initiate of Gozag.
             Annihilated by an enormous slime creature (39 damage)
             ... on level 13 of the Dungeon.
             The game lasted 00:42:01 (25706 turns).

Dittersdorf the Peltast (Gargoyle Fighter)         Turns: 25706, Time: 00:42:02

Health: -23/103    AC: 40    Str: 28    XL:     15   Next: 55%
Magic:  0/15       EV:  8    Int: 11    God:    Gozag
Gold:   7133       SH: 14    Dex:  9    Spells: 14/14 levels left

rFire   . . .        y - +0 morningstar (protect)
rCold   . . .        b - +2 kite shield {reflect}
rNeg    + + .        H - +0 storm dragon scales "Gykog" {rElec Regen+ Int+3}
rPois   ∞            k - +0 helmet
rElec   +            s - +0 cloak
rCorr   .            (no gloves)
SInv    .            g - +0 pair of boots
Will    ++...        t - amulet of guardian spirit Stlth
                     n - ring of willpower
HPRegen 1.17/turn    x - ring of positive energy
MPRegen 0.14/turn

%: reflection, guardian spirit
@: under a protective aura, flying, studying Axes
A: sickness immunity, AC +11, big wings, negative energy resistance 1,
electricity resistance, torment resistance 1, petrification resistance
a: Renounce Religion, Potion Petition, Call Merchant, Bribe Branch


You were on level 13 of the Dungeon.
You worshipped Gozag.
Gozag was greatly pleased with you.
You visited 3 branches of the dungeon, and saw 20 of its levels.

You collected 7372 gold pieces.
You spent 168 gold pieces at shops.
You paid 71 gold pieces to Gozag.

Inventory:

Hand Weapons
 y - a +0 morningstar of protection (weapon)
Missiles
 D - 5 curare-tipped darts (quivered)
 E - a throwing net
Armour
 b - a +2 kite shield of reflection (worn)
 g - a +0 pair of boots (worn)
 k - a +0 helmet (worn)
 s - a +0 cloak (worn)
 H - the +0 storm dragon scales "Gykog" (worn) {rElec Regen+ Int+3}
   (You found it on level 5 of the Lair of Beasts)

   Int+3:     It affects your intelligence (+3).
   rElec:     It insulates you from electricity.
   Regen+:    It increases your rate of health regeneration.
Jewellery
 h - a +5 ring of evasion
 n - a ring of willpower (left hand)
 p - a +4 ring of protection
 t - an amulet of guardian spirit (around neck)
 x - a ring of positive energy (right hand)
 A - a +6 ring of strength
 B - a ring of ice
Wands
 l - a wand of iceblast (7)
 I - a wand of acid (2)
Scrolls
 a - 5 scrolls of enchant armour
 d - a scroll of poison
 i - 5 scrolls of revelation
 j - 2 scrolls of teleportation
 o - 3 scrolls of enchant weapon
 w - 2 scrolls of blinking
 G - 2 scrolls of brand weapon
 J - a scroll of fear
Potions
 c - a potion of invisibility
 e - 4 potions of haste
 f - 4 potions of brilliance
 m - 4 potions of mutation
 q - 2 potions of magic
 r - 5 potions of heal wounds
 u - 2 potions of curing
 v - a potion of cancellation {unknown}
 z - 2 potions of resistance
 C - 3 potions of attraction {unknown}
 F - a potion of might


   Skills:
 + Level 15.3 Fighting
 + Level 14.0 Maces & Flails
 + Level 15.2 Armour
 + Level 15.3 Shields


You had 14 spell levels left.
You didn't know any spells.
Your spell library contained the following spells:

 Spells                   Type           Power      Damage    Failure   Level
 Foxfire                  Conj/Fire      0%         2x1d4     86%         1
 Magic Dart               Conj           0%         1d3       86%         1
 Necrotise                Necr           0%         1d4       86%         1
 Sting                    Tmut/Pois      0%         1d3       86%         1
 Call Imp                 Summ           0%         N/A       95%         2
 Wereblood                Tmut           0%         N/A       95%         2
 Dazzling Flash           Conj/Hex       0%         N/A       99%         3
 Frozen Ramparts          Ice            0%         1d1       99%         3
 Hailstorm                Conj/Ice       0%         3d3       99%         3
 Mephitic Cloud           Conj/Pois/Air  0%         N/A       99%         3
 Volatile Blastmotes      Fire/Tloc      0%         2d10      99%         3
 Dispel Undead            Necr           0%         3d6       100%        4
 Petrify                  Tmut/Erth      0%         N/A       100%        4
 Summon Ice Beast         Ice/Summ       0%         N/A       100%        4
 Fireball                 Conj/Fire      0%         3d3       100%        5
 Irradiate                Conj/Tmut      0%         3d11      100%        5
 Iskenderun's Battlesphe  Conj           0%         2d6       100%        5
 Metabolic Englaciation   Hex/Ice        0%         N/A       100%        5
 Summon Forest            Summ/Tloc      0%         N/A       100%        5
 Summon Mana Viper        Hex/Summ       0%         N/A       100%        5
 Conjure Ball Lightning   Conj/Air       0%         3x3d6     100%        6
 Death Channel            Necr           0%         N/A       100%        6
 Eringya's Noxious Bog    Tmut/Pois      0%         4d6       100%        6
 Plasma Beam              Fire/Air       0%         2x1d10    100%        6
 Starburst                Conj/Fire      0%         6d3       100%        6
 Summon Cactus Giant      Summ           0%         N/A       100%        6
 Orb of Destruction       Conj           0%         9d5       100%        7
 Summon Hydra             Summ           0%         N/A       100%        7
 Infestation              Necr           0%         N/A       100%        8
 Maxwell's Capacitive Co  Air            0%         ∞         100%        8
 Cigotuvi's Dreadful Rot  Necr/Pois/Air  Unusable   N/A       N/A         2
 Sublimation of Blood     Necr           Unusable   N/A       N/A         2
 Simulacrum               Ice/Necr       Unusable   N/A       N/A         6

Dungeon Overview and Level Annotations

Branches:
Dungeon (13/15)            Temple (0/1) D:7            Lair (5/5) D:11
  Swamp (0/4) Lair:3       Spider (0/4) Lair:2        Slime (0/5) Lair:5
    Orc (2/2) D:12            Elf (0/3) Orc:2
 Vaults: D:13-14

Altars:
Fedhas
Gozag
Kikubaaqudgha
Makhleb
Nemelex Xobeh
Qazlal
Trog
Uskayaw
Yredelemnul
Jiyva

Shops:
D:6 (   D:7 (?((   Orc:2 :(:?

Portals:
Trove: D:10 (give +3 fire dragon scales)


Innate Abilities, Weirdness & Mutations

You are immune to sickness and miasma.
Your stone body is resilient. (AC +11)
You are immune to poison.
Your large and strong wings let you fly.
You resist negative energy. (rN+)
You are resistant to electric shocks. (rElec)
You are resistant to unholy torment.
You are immune to petrification.


Message History

The slime creature attacks as it pursues you!
The slime creature hits you but does no damage.
Two slime creatures merge to form a large slime creature.
The slime creature hits you but does no damage.
The slime creature is distracted by your dazzling golden aura.
The slime creature attacks as it pursues you!
The slime creature hits you but does no damage.
The slime creature attacks as it pursues you!
You block the slime creature's attack.
The slime creature attacks as it pursues you!
You block the slime creature's attack.
The slime creature attacks as it pursues you!
The slime creature hits you but does no damage.
The slime creature attacks as it pursues you!
The slime creature barely misses you.
You puncture the slime creature!
Your weapon exudes an aura of protection.
The slime creature is moderately wounded.
The slime creature barely misses you.
You puncture the slime creature!
The slime creature is moderately wounded.
The slime creature hits you but does no damage.
You thump the slime creature!
The slime creature is heavily wounded.
Two slime creatures merge to form a large slime creature.
The slime creature barely misses you.
You puncture the slime creature!
The slime creature is almost dead.
Two slime creatures merge to form a very large slime creature.
You puncture the very large slime creature!
The very large slime creature is moderately wounded.
Two slime creatures merge to form an enormous slime creature.
You bludgeon the enormous slime creature!!
The enormous slime creature is heavily wounded.
The enormous slime creature hits you!!!
* * * LOW HITPOINT WARNING * * *
The enormous slime creature attacks as it pursues you!
The enormous slime creature hits you!!!
You die...
Your body crumbles into a pile of gold.

#.......................##
#...........#############
#...........#....#
#...........#....#
#...........#....#
#...........#....#
#...........#....#
#...........#....#
#........@..#....#
#.###...J...#....#
#...........#..###
#......######..#
#......#.......#
#......#.......#
#.####.#.......#
#......#.......#
#......##......#


You could see an enormous slime creature.

Vanquished Creatures
  Gastronok (Lair:1)
  Kirke (D:11)
  A fire dragon (D:9)
  3 hydras
  3 catoblepae (Lair:5)
  A centaur warrior (D:13)
  8 boulder beetles
  2 two-headed ogres
  10 death yaks
  3 orc high priests (Orc:2)
  Sonja (Lair:2)
  Urug (Lair:2)
  Amaemon (Lair:2)
  Nergalle (Lair:1)
  2 skysharks
  An orb spider (Lair:2)
  Pikel (D:5)
  A deep elf pyromancer (D:9)
  A lindwurm (Lair:5)
  2 deep elf zephyrmancers (Orc:1)
  An orc sorcerer (Orc:2)
  The ghost of holysushi the Slicer, a novice VSMo (D:8)
  An oklob plant (Lair:4)
  2 ugly things
  2 cyclopes
  6 manticores
  An orange demon (Lair:2)
  A black mamba (Lair:5)
  Joseph (D:9)
  A gargoyle (D:12)
  An eye of devastation (Lair:5)
  5 elephants (Lair:3)
  Maggie (D:6)
  An efreet (D:13)
  An unseen horror (D:11)
  10 cane toads
  2 rime drakes
  6 komodo dragons
  2 kobold demonologists (D:12)
  A yaktaur (shapeshifter) (D:13)
  2 polar bears
  9 trolls
  A meliai (D:8)
  24 blink frogs
  A hornet (D:9)
  2 shadows
  5 slime creatures
  A vampire (D:10)
  67 yaks
  2 wraiths
  4 wyverns
  5 basilisks
  4 hogs
  2 steam dragons (D:9)
  11 vampire mosquitoes
  A warg (Orc:2)
  Menkaure (D:5)
  3 acid dragons
  Duvessa (D:5)
  16 water moccasins
  A swamp drake (Orc:1)
  A floating eye (Lair:4)
  17 orc warriors
  2 sky beasts
  An ice beast (D:7)
  4 ogres (Orc:2)
  4 black bears
  27 centaurs
  31 wolves
  2 phantoms
  3 kobold brigands
  14 bullfrogs
  A gnoll sergeant (D:11)
  2 scorpions
  7 wights
  Dowan (D:5)
  8 howler monkeys
  An electric eel (Lair:2)
  A crimson imp (Orc:1)
  13 jellies
  19 orc priests
  6 hounds
  Crazy Yiuf (D:5)
  2 gnoll boudas (D:9)
  An iron imp (Orc:1)
  2 sleepcaps
  Natasha (thrice) (D:4)
  5 iguanas
  31 orc wizards
  15 gnolls
  5 adders
  2 shadow imps
  3 white imps
  An ufetubus (D:6)
  A worm (D:3)
  3 dart slugs
  50 orcs
  6 ball pythons
  19 endoplasms
  2 giant cockroaches
  7 goblins
  5 hobgoblins
  3 jackals (D:1)
  4 bats
  7 frilled lizards
  14 kobolds
  7 rats
619 creatures vanquished.

Notes
Turn   | Place    | Note
-------+----------+-------------------------------------------
     0 | D:1      | Dittersdorf the Gargoyle Fighter began the quest for the
                  | Orb.
     0 | D:1      | Reached XP level 1. HP: 14/14 MP: 1/1
   235 | D:1      | Reached XP level 2. HP: 19/19 MP: 2/2
   442 | D:1      | Reached XP level 3. HP: 23/23 MP: 3/3
  1054 | D:2      | Reached XP level 4. HP: 29/29 MP: 4/4
  1058 | D:2      | Found a faded altar of an unknown god.
  1651 | D:3      | Found a basalt altar of Yredelemnul.
  1781 | D:4      | Reached XP level 5. HP: 24/33 MP: 5/5
  2050 | D:4      | Noticed a black bear
  2052 | D:4      | Killed a black bear
  2053 | D:4      | Reached XP level 6. HP: 39/39 MP: 6/6
  2057 | D:4      | Noticed Natasha
  2073 | D:4      | Killed Natasha
  2304 | D:4      | Noticed Natasha
  2311 | D:4      | Killed Natasha
  2492 | D:4      | Noticed a black bear
  2507 | D:4      | Killed a black bear
  2508 | D:4      | Reached skill level 5 in Fighting
  2508 | D:4      | Reached skill level 5 in Armour
  2508 | D:4      | Reached skill level 5 in Shields
  2508 | D:4      | Reached XP level 7. HP: 29/44 MP: 7/7
  2735 | D:4      | Noticed Natasha
  2745 | D:4      | Killed Natasha
  3076 | D:5      | Entered Level 5 of the Dungeon
  3124 | D:5      | Identified a scroll of acquirement
  3124 | D:5      | Acquired 743 gold pieces
  3517 | D:5      | Noticed Menkaure
  3522 | D:5      | Killed Menkaure
  3673 | D:5      | Found a runed translucent door.
  3674 | D:5      | Noticed Crazy Yiuf
  3745 | D:5      | Noticed Duvessa
  3746 | D:5      | Noticed Dowan
  3779 | D:5      | Killed Dowan
  3780 | D:5      | Reached XP level 8. HP: 26/51 MP: 8/8
  3784 | D:5      | Killed Duvessa
  3907 | D:5      | Noticed Pikel
  3920 | D:5      | Killed Pikel
  3921 | D:5      | Reached skill level 5 in Maces & Flails
  4182 | D:5      | Killed Crazy Yiuf
  4405 | D:6      | Found Zeakk's Weapon Emporium.
  4488 | D:6      | Reached XP level 9. HP: 54/56 MP: 9/9
  4608 | D:6      | Noticed Maggie
  4618 | D:6      | Killed Maggie
  5323 | D:7      | Found an opulent altar of Gozag.
  5332 | D:7      | Became a worshipper of Gozag Ym Sagoz the Greedy
  5455 | D:7      | Found Icucid's Weapon Shop.
  5540 | D:7      | Found Ceotuteo's Magic Scroll Emporium.
  5634 | D:7      | Found Taxky's Weapon Boutique.
  5758 | D:7      | Noticed a troll
  5769 | D:7      | Killed a troll
  5770 | D:7      | Reached XP level 10. HP: 38/64 MP: 10/10
  5883 | D:7      | Found a staircase to the Ecumenical Temple.
  6297 | D:7      | Found Widef's Antique Weapon Boutique.
  6305 | D:7      | Bought a glowing morningstar for 168 gold pieces
  6435 | D:8      | Noticed a +0 falchion
  6435 | D:8      | Noticed a +0 falchion
  6436 | D:8      | Noticed a +0 spear
  6436 | D:8      | Noticed a +0 dagger
  6438 | D:8      | Noticed a +0 short sword
  6539 | D:8      | Noticed a +0 spear
  6539 | D:8      | Noticed a +0 short sword
  6540 | D:8      | Noticed a +0 dagger
  6674 | D:8      | Found a hide-covered altar of Uskayaw.
  6716 | D:8      | Found a sparkling altar of Nemelex Xobeh.
  6718 | D:8      | Found a bloodstained altar of Trog.
  6718 | D:8      | Found an ancient bone altar of Kikubaaqudgha.
  6778 | D:8      | Found a runed translucent gate.
  6781 | D:8      | Found a runed translucent gate.
  6782 | D:8      | Found a runed translucent gate.
  6782 | D:8      | Noticed a nine-headed hydra
  6784 | D:8      | Noticed holysushi's ghost (novice VSMo)
  7181 | D:9      | Noticed Joseph
  7206 | D:9      | Killed Joseph
  7254 | D:9      | Acquired a +2 kite shield of reflection
  7269 | D:9      | Noticed a brown ugly thing
  7270 | D:9      | Noticed a deep elf pyromancer
  7281 | D:8      | HP: 3/66 [acid dragon/splash of acid (14)]
  7290 | D:8      | HP: 3/66 [orc/+0 hand axe of freezing (1)]
  7555 | D:7      | Killed a brown ugly thing
  7803 | D:8      | Found an ancient bone altar of Kikubaaqudgha.
  7804 | D:8      | Found a bloodstained altar of Trog.
  7808 | D:8      | Found a sparkling altar of Nemelex Xobeh.
  8119 | D:8      | Found a hide-covered altar of Uskayaw.
  8525 | D:9      | Killed a deep elf pyromancer
  8526 | D:9      | Reached XP level 11. HP: 57/72 MP: 7/11
  8701 | D:9      | Noticed a boulder beetle
  8794 | D:9      | Killed a boulder beetle
  8978 | D:9      | Found a stormy altar of Qazlal.
  9064 | D:9      | Identified the +6 hand axe "Olola" {chaos, rN+}
  9075 | D:9      | Reached skill level 10 in Shields
  9094 | D:9      | Reached skill level 10 in Fighting
  9159 | D:9      | Noticed a boulder beetle
  9165 | D:9      | Reached skill level 10 in Armour
  9335 | D:8      | Killed a boulder beetle
  9406 | D:9      | Noticed a boulder beetle
  9471 | D:8      | Killed a boulder beetle
  9834 | D:9      | Noticed a fire dragon
  9850 | D:9      | Killed a fire dragon
 10088 | D:9      | Got the Parchment of Venomous Maleficent Deeds
 10267 | D:10     | Entered Level 10 of the Dungeon
 10510 | D:10     | Noticed a two-headed ogre
 10522 | D:10     | Killed a two-headed ogre
 10755 | D:10     | Found a portal to a secret trove of treasure.
 10913 | D:10     | Found a burning altar of Makhleb.
 10914 | D:10     | Found a blossoming altar of Fedhas.
 11392 | D:11     | Found a staircase to the Lair.
 11417 | D:11     | Reached XP level 12. HP: 76/79 MP: 10/12
 11601 | D:11     | Reached skill level 10 in Maces & Flails
 12250 | D:11     | Noticed a boulder beetle
 12274 | D:11     | Killed a boulder beetle
 13120 | Lair:1   | Entered Level 1 of the Lair of Beasts
 13212 | Lair:1   | Noticed Gastronok
 13234 | Lair:1   | Killed Gastronok
 13300 | Lair:1   | Noticed an eight-headed hydra
 13309 | Lair:1   | Killed an eight-headed hydra
 13471 | Lair:1   | Noticed a boulder beetle
 13488 | Lair:1   | Killed a boulder beetle
 13819 | Lair:1   | Reached XP level 13. HP: 52/86 MP: 10/13
 14478 | Lair:1   | Noticed Nergalle
 14505 | Lair:1   | Killed Nergalle
 14967 | Lair:2   | Identified the +5 mace of Untimely Demise {heavy, rC+ MP+9
                  | Int-5}
 15004 | Lair:2   | Noticed Urug
 15023 | Lair:2   | Killed Urug
 15272 | Lair:2   | Noticed Amaemon
 15506 | Lair:2   | Killed Amaemon
 15547 | Lair:2   | Noticed Sonja
 15589 | Lair:2   | Killed Sonja
 16054 | Lair:2   | Found a hole to the Spider Nest.
 17068 | Lair:3   | Found a staircase to the Swamp.
 17879 | Lair:4   | Gained mutation: Your large and strong wings let you fly.
                  | [Gargoyle growth]
 17879 | Lair:4   | Reached XP level 14. HP: 85/94 MP: 12/14
 17997 | Lair:4   | Found a sparkling altar of Nemelex Xobeh.
 19524 | Lair:5   | Entered Level 5 of the Lair of Beasts
 19620 | Lair:5   | Paralysed by a floating eye for 3 turns
 19829 | Lair:5   | Found a viscous altar of Jiyva.
 19829 | Lair:5   | Found a staircase to the Slime Pits.
 21256 | Lair:5   | Identified the +0 storm dragon scales "Gykog" {rElec Regen+
                  | Int+3}
 21889 | D:8      | Killed holysushi's ghost
 21997 | D:12     | Found a sparkling altar of Nemelex Xobeh.
 21998 | D:12     | Upgraded the game from 0.31-a0-631-g285b096dc4 to
                  | 0.31-a0-632-g766dd24fdf
 22055 | D:12     | Found a staircase to the Orcish Mines.
 22102 | D:12     | Reached XP level 15. HP: 101/101 MP: 13/15
 22335 | D:12     | Noticed Kirke
 22635 | D:11     | Killed Kirke
 23207 | Orc:1    | Entered Level 1 of the Orcish Mines
 23405 | Orc:1    | Reached skill level 15 in Shields
 23683 | Orc:1    | Reached skill level 15 in Fighting
 23771 | Orc:2    | Entered Level 2 of the Orcish Mines
 24146 | Orc:2    | Reached skill level 15 in Armour
 24278 | Orc:2    | Found a staircase to the Elven Halls.
 24795 | Orc:2    | Found Fiyh's Magic Scroll Shop.
 24795 | Orc:2    | Found Siyth's Antique Weapon Boutique.
 24796 | Orc:2    | Found Zallyowk's Book Boutique.
 24806 | Orc:2    | Found Xuxzan's Book Shop.
 25706 | D:13     | Annihilated by an enormous slime creature

Illustrated notes

Levels and vault maps discovered:
D:1:      dpeg_arrival_stone_temple_mockup, layout_loops_ring,
          minmay_misc_feat_hallway
D:2:      layout_loops_ring, chequers_ecumenical_altar_island
D:3:      layout_rooms, mainiacjoe_overflow_small_starburst, nrook_loot_triangle
D:4:      nicolae_BIG_FREAKIN_CUBE, layout_cave_pods, uniq_natasha
D:5:      layout_loops_cross, uniq_menkaure, uniq_pikel, uniq_duvessa,
          uniq_crazy_yiuf_cottage
D:6:      layout_gridville, serial_shops, nicolae_shop_rolling_square,
          uniq_maggie
D:7:      layout_loops_corners, grunt_gozag_statues, temple_pool_b,
          serial_shops, nicolae_shop_behind_doors, shop, nicolae_shop_peninsula,
          nicolae_square_shop
D:8:      layout_cave_pools, nicolae_uskayaw_en_pointe,
          gammafunk_temple_overflow_forgotten, gammafunk_ghost_hydra_chop
D:9:      nzn_winding_woodlands_stair_cross [nzn_winding_woodlands_5x15_default,
          nzn_winding_woodlands_center_lodge, nzn_winding_woodlands_5x15_jagged,
          nzn_winding_woodlands_5x5_default,
          nzn_winding_woodlands_5x5_open_star, nzn_winding_woodlands_5x15_pool,
          nzn_winding_woodlands_center_triple_pond,
          nzn_winding_woodlands_5x15_crooked], layout_rooms,
          mainiacjoe_overflow_brackets, uniq_joseph
D:10:     layout_irregular_city, mainiacjoe_overflow_divided_tiny, enter_trove_1
D:11:     layout_grid_maze, david_lair_generic, minmay_variable_closet,
          minmay_misc_feat_ornament
D:12:     layout_basic, orc_0_dummy, nemelex_xobeh_ov_fountains_minmay,
          uniq_kirke
D:13:     layout_stronghold
Lair:1:   layout_long_grid, wad_woods_06, grunt_megastairs_3, uniq_nergalle,
          uniq_gastronok
Lair:2:   layout_long_grid, nicolae_spider_entry_orb_guardian,
          serial_bayou_shore_a, grunt_megastairs_4, uniq_amaemon, uniq_sonja,
          uniq_urug
Lair:3:   layout_regular_city, swamp_mist_pool
Lair:4:   lemuel_slime, layout_long_grid, lemuel_oklob_altar,
          infiniplex_staircase_pool
Lair:5:   evilmike_catoblepas_cave, layout_cave_shapes, minmay_slime_entry_eyes,
          grunt_megastairs_5
Orc:1:    layout_caves, hangedman_minor_magic
Orc:2:    st_orc_mages, layout_diamond_mine

Skill      XL: |  1  2  3  4  5  6  7  8  9 10 11 12 13 14 15 |
---------------+----------------------------------------------+-----
Shields        | 4 5 6 8 9 11 12 13 14 15 | 15.3
Fighting       | 4 5 6 8 9 10 12 13 14 15 | 15.3
Armour         | 4 5 6 8 9 10 12 13 14 15 | 15.2
Maces & Flails | 3 4 5 7 8 9 11 12 13 14 | 14.0

Action                     |  1- 3 |  4- 6 |  7- 9 | 10-12 | 13-15 || total
---------------------------+-------+-------+-------+-------+-------++-------
  Melee: Flail             |   106 |   136 |    71 |       |       ||   313
         Morningstar       |       |       |   244 |   936 |  1898 ||  3078
         Unarmed           |       |       |       |       |     9 ||     9
  Throw: Dart              |       |       |       |       |     6 ||     6
  Evoke: Wand              |       |     4 |     7 |    30 |     5 ||    46
    Use: Scroll            |       |    12 |     5 |     5 |     6 ||    28
         Potion            |       |       |     1 |     2 |     5 ||     8
   Stab: Distracted        |       |       |       |     2 |     8 ||    10
 Armour: Scale mail        |    72 |       |       |       |       ||    72
         Chain mail        |       |   145 |   298 |   766 |   747 ||  1956
         Storm dragon scal |       |       |       |       |   492 ||   492
  Dodge: Dodged            |    66 |    53 |   119 |   330 |   519 ||  1087
  Block: Buckler           |    28 |    36 |    97 |    39 |       ||   200
         Kite shield       |       |       |       |   607 |  1440 ||  2047
         Reflection        |       |       |       |    10 |    22 ||    32

Table legend: (Time is in decaauts)
 A = Elapsed time spent in this place.
 B = Non-inter-level travel time spent in this place.
 C = Inter-level travel time spent in this place.
 D = Time resting spent in this place.
 E = Time spent auto-exploring this place.
 F = Levels seen in this place.
 G = Mean time per level.
                   A        B        C        D        E       F      G
               +--------+--------+--------+--------+--------+-----+--------+
         Total |  25877 |  24856 |   1021 |   3940 |  14030 |  20 | 1293.8 |
       Dungeon |  15495 |  14689 |    806 |   2097 |   8897 |  13 | 1191.9 |
          Lair |   8636 |   8471 |    165 |   1747 |   4407 |   5 | 1727.2 |
  Orcish Mines |   1745 |   1696 |     49 |     96 |    725 |   2 |  872.5 |
               +--------+--------+--------+--------+--------+-----+--------+

Top non-repeatable levels by time:
     D:8: 2097 daAuts
  Lair:4: 2096 daAuts
  Lair:1: 2024 daAuts
    D:11: 1943 daAuts
     D:9: 1900 daAuts
  Lair:5: 1745 daAuts
     D:7: 1440 daAuts
  Lair:2: 1422 daAuts
     D:4: 1352 daAuts
  Lair:3: 1347 daAuts
     D:5: 1220 daAuts
    D:12: 1148 daAuts
   Orc:2: 1041 daAuts
    D:10: 1017 daAuts
     D:6: 959 daAuts
